 Dungeon Crawl Stone Soup version 0.28.0-1-gb440e238dd (webtiles) character file.

Game seed: 15423194632400692756

79 mortz the Conjurer (level 4, -4/30 HPs)
             Began as a Human Conjurer on Feb 23, 2022.
             Killed from afar by an orc wizard (10 damage)
             ... with a magic dart
             ... on level 3 of the Dungeon.
             The game lasted 00:12:35 (2918 turns).

mortz the Conjurer (Human Conjurer)                 Turns: 2918, Time: 00:12:37

Health: -4/30      AC:  3    Str:  8    XL:     4   Next: 62%
Magic:  4/8        EV: 11    Int: 20    God:
Gold:   44         SH:  0    Dex: 11    Spells: 5/8 levels left

rFire   . . .      SeeInvis .   f - +0 dagger {short}
rCold   . . .      Faith    .   l - +2 buckler
rNeg    . . .      Spirit   .   o - +0 leather armour
rPois   .          Reflect  .   (no helmet)
rElec   .          Harm     .   (no cloak)
rCorr   .          Rampage  .   (no gloves)
Will    .....                   (no boots)
Stlth   +.........              (no amulet)
HPRegen 0.10/turn               (no ring)
MPRegen 0.11/turn               (no ring)

@: confused
A: no striking features
a: no special abilities


You were on level 3 of the Dungeon.
You visited 1 branch of the dungeon, and saw 3 of its levels.

You collected 44 gold pieces.


   Skills:
 + Level 2.7 Dodging
 + Level 2.9 Stealth
 + Level 2.7 Spellcasting
 + Level 4.4 Conjurations


You had 5 spell levels left.
You knew the following spells:

 Your Spells              Type           Power      Damage    Failure   Level
a - Magic Dart            Conj           80%        1d7       4%          1
b - Searing Ray           Conj           40%        2d5       7%          2

Your spell library contained the following spells:

 Spells                   Type           Power      Damage    Failure   Level
 Dazzling Flash           Conj/Hex       22%        N/A       34%         3
 Fulminant Prism          Conj/Hex       5%         3d7       75%         4
 Iskenderun's Mystic Bla  Conj/Tloc      11%        2d4       75%         4

Inventory:

Hand Weapons
 f - a +0 dagger (weapon) {short}
   (You took it off a goblin on level 1 of the Dungeon)
 k - a +1 whip of freezing {mace}
   (You found it on level 2 of the Dungeon)
 m - a +0 trident {polearm}
   (You found it on level 2 of the Dungeon)
Missiles
 d - 71 stones {throwing}
 i - 2 poisoned darts {throwing}
Armour
 a - a +0 robe
 c - a +0 ring mail
   (You found it on level 1 of the Dungeon)
 l - a +2 buckler (worn)
   (You found it on level 2 of the Dungeon)
 o - a +0 leather armour (worn)
   (You took it off an orc on level 2 of the Dungeon)
Scrolls
 e - a scroll of enchant armour {unknown}
 g - a scroll of fog {unknown}
 h - 2 scrolls of identify {unknown}
 j - a scroll of teleportation {unknown}
 n - a scroll of fear {unknown}
Potions
 b - a potion of haste {unknown}

Dungeon Overview and Level Annotations

Branches:
Dungeon (3/15)

Altars:

#.### #.# .#
#.....###.##.####
#..<.........
####.....###
#..#### ##.#.##
#.###.# ##.#.###
#@o..# #.?..#
###))..####
#.........#
#........##
#........#
#..#...###
#..#...# #..#...#


You could see an orc wizard.


Message History

Aiming: Searing Ray (safe; 7% risk of failure)
Press: ? - help, Shift-Dir - straight line, f - orc wizard
Aim: an orc wizard, wielding a +0 dagger and wearing a +0 robe (wandering, hasn't noticed you, 72% to hit)
The searing ray hits the orc wizard!
The orc wizard shouts! (Press . to maintain the ray.)
The orc wizard points at you and mumbles some strange words.
The magic dart hits you! 😮 HP[-8] MP[-2]
You take 8 damage, and now have 22/30 hp.
MASSIVE DAMAGE!! (PAUSE)
You lost 2 mp, and now have 2/8 mp.
The searing ray misses the orc wizard. 😮 MP[-1]
You lost 1 mp, and now have 1/8 mp.
The searing ray hits the orc wizard.
The orc wizard casts a spell.
The orc wizard flickers and vanishes!
Deactivating autopickup; reactivate with Ctrl-A. 😮 MP[-1]
You lost 1 mp, and now have 0/8 mp.
Without enough magic to sustain it, your searing ray dissipates.
You hear some strange, mumbled words.
You are confused. 😮 MP[+1]
You hear some strange, mumbled words.
You are more confused.
You hear some strange, mumbled words.
Something tries to affect you, but you resist. 😕 HP[+1]
You see here a scroll labelled OGET ILESA.
You hear some strange, mumbled words.
You are more confused.
Something hits you. 😮 HP[-2]
You take 2 damage, and now have 21/30 hp.
You barely miss something. Something hits you but does no damage.
You completely miss something.
You hear some strange, mumbled words.
You are more confused.
You barely miss something.
You hear some strange, mumbled words.
You are more confused.
You bump into the rock wall.
Something hits you but does no damage. 😮 MP[+1]
You miss something. Something hits you. 😮 HP[-3]
You take 3 damage, and now have 18/30 hp.
Something hits you.
You hear some strange, mumbled words.
Something tries to affect you, but you resist.
You are too injured to fight recklessly!
You miss something. Something hits you but does no damage.
You're too confused to move!
You hear some strange, mumbled words.
Something tries to affect you, but you resist.
You're too confused to move!
You hear some strange, mumbled words.
You are more confused.
You hear some strange, mumbled words.
A puff of flame appears from out of thin air!
The puff of flame misses you. 😮 MP[+1]
Something hits you.
* * * LOW HITPOINT WARNING * * *
😨 HP[-3]
You take 3 damage, and now have 15/30 hp.
You miss something. Something hits you.
* * * LOW HITPOINT WARNING * * *
😨 HP[-2]
You take 2 damage, and now have 13/30 hp.
Something hits you but does no damage. 😨 HP[+1]
Something hits you.
* * * LOW HITPOINT WARNING * * *
😨 HP[-3]
You take 3 damage, and now have 11/30 hp.
Something hits you.
* * * LOW HITPOINT WARNING * * *
😨 HP[-2]
You take 2 damage, and now have 9/30 hp.
Something hits you.
* * * LOW HITPOINT WARNING * * *
😱 HP[-3]
You take 3 damage, and now have 6/30 hp.
You bump into the rock wall.
An orc wizard appears from thin air!
Reactivating autopickup.
The orc wizard hits you with a +0 dagger.
* * * LOW HITPOINT WARNING * * *
😱 HP[-1] MP[+1]
You take 1 damage, and now have 5/30 hp.
The orc wizard hits you but does no damage.
You're too confused to cast spells.
You bump into the rock wall.
The orc wizard hits you but does no damage.
You closely miss the orc wizard. The orc wizard misses you.
You bump into the rock wall.
The orc wizard points at you and mumbles some strange words.
The magic dart hits you!
You die...

Action                   |  1- 3 |  4- 6 || total
-------------------------+-------+-------++-------
Melee: Dagger            |       |     7 ||     7
 Cast: Magic Dart        |    53 |    18 ||    71
       Searing Ray       |    11 |     8 ||    19
Armor: Leather armour    |       |     6 ||     6
Dodge: Dodged            |     2 |     2 ||     4

Levels and vault maps discovered:
D:1:      amcnicky_arrival_feature_with_door, layout_basic,
          minmay_misc_feat_encased
D:2:      minmay_chambers_of_ones, layout_basic
D:3:      layout_loops_ring, minmay_overflow_temple_star_quad,
          shapermc_ecumenical_altar_acropolis, minivault_25

Notes
Turn   | Place    | Note
-------+----------+-------------------------------------------
     0 | D:1      | mortz the Human Conjurer began the quest for the Orb.
     0 | D:1      | Reached XP level 1. HP: 13/13 MP: 3/3
     0 | D:1      | magus.rc [v1.9.6]
   261 | D:1      | Reached XP level 2. HP: 19/19 MP: 3/5
   270 | D:1      | Learned a level 2 spell: Searing Ray
   848 | D:1      | Reached XP level 3. HP: 24/24 MP: 3/6
  2059 | D:2      | Reached XP level 4. HP: 30/30 MP: 4/7
  2911 | D:3      | HP: 6/30 [something (3)]
  2918 | D:3      | Killed from afar by an orc wizard

Vanquished Creatures
  2 adders (D:2)
  A dart slug (D:2)
  3 orcs
  6 endoplasms
  5 giant cockroaches
  3 goblins (D:1)
  8 hobgoblins
  4 quokkas
  5 ball pythons (D:1)
  4 bats
  7 frilled lizards
  A kobold (D:2)
  3 rats
52 creatures vanquished.

Table legend:
 A = Non-vault XP
 B = Vault XP
 C = Vault XP percentage of total XP
 D = Non-vault monster count
 E = Vault monster count
 F = Vault count percentage of total count
                 A         B        C        D         E       F
            +---------+---------+-------+---------+---------+-------
      Total |     102 |      11 |   9.7 |      47 |       5 |   9.6
            +---------+---------+-------+---------+---------+-------
        D:1 |      48 |       0 |   0.0 |      30 |       0 |   0.0
        D:2 |      48 |      11 |  18.6 |      15 |       5 |  25.0
        D:3 |       6 |       0 |   0.0 |       2 |       0 |   0.0
            +---------+---------+-------+---------+---------+-------

Illustrated notes

Table legend:
 A = Kills in this place as a percentage of kills in entire the game.
 B = Kills by you in this place as a percentage of kills by you in the entire game.
 C = Kills by friends in this place as a percentage of kills by friends in the entire game.
 D = Other kills in this place as a percentage of other kills in the entire game.
 E = Experience gained in this place as a percentage of experience gained in the entire game.
 F = Experience gained in this place divided by the number of levels of this place that you have seen.
                   A       B       C       D       E      F
               +-------+-------+-------+-------+-------+----------------------
         Total | 100.0 | 100.0 |   N/A |   N/A | 100.0 |  37.7
       Dungeon | 100.0 | 100.0 |   N/A |   N/A | 100.0 |  37.7
               +-------+-------+-------+-------+-------+----------------------

Table legend: (Time is in decaauts)
 A = Elapsed time spent in this place.
 B = Non-inter-level travel time spent in this place.
 C = Inter-level travel time spent in this place.
 D = Time resting spent in this place.
 E = Time spent auto-exploring this place.
 F = Levels seen in this place.
 G = Mean time per level.
                   A        B        C        D        E       F      G
               +--------+--------+--------+--------+--------+-----+--------+
         Total |   2916 |   2855 |     61 |    874 |   1729 |   3 |  972.0 |
       Dungeon |   2916 |   2855 |     61 |    874 |   1729 |   3 |  972.0 |
               +--------+--------+--------+--------+--------+-----+--------+

Top non-repeatable levels by time:
     D:1: 1667 daAuts
     D:2: 1203 daAuts
     D:3: 45 daAuts
